 Dungeon Crawl Stone Soup version 0.27-a0-475-g4587593e40 (webtiles) character file.

Game seed: 1756504923521319987

74 EnegeticOcto the Skirmisher (level 4, -5/37 HPs)
             Began as a Mummy Berserker on Mar 1, 2021.
             Was a Follower of Trog.
             Slain by Crazy Yiuf
             ... wielding a +4 quarterstaff of chaos
              (14 damage)
             ... on level 2 of the Dungeon.
             The game lasted 00:03:21 (2070 turns).

EnegeticOcto the Skirmisher (Mummy Berserker)       Turns: 2070, Time: 00:03:22

Health: -5/37      AC:  2    Str: 21    XL:     4   Next: 9%
Magic:  2/4        EV: 12    Int:  6    God:    Trog [*.....]
Gold:   75         SH:  0    Dex: 11    Spells: 3/3 levels left

rFire    . . .     SeeInvis .   a - +0 mace
rCold    + . .     Faith    .   (no shield)
rNeg     + + +     Spirit   .   b - +0 animal skin
rPois    ∞         Reflect  .   (no helmet)
rElec    .         Harm     .   (no cloak)
rCorr    .         Rampage  .   (no gloves)
Will     ++...                  (no boots)
Stlth    +.........             (no amulet)
HPRegen  1.12/turn              d - ring of protection from fire
MPRegen  0.09/turn              (no ring)

@: regenerating
A: cold resistance 1, negative energy resistance 3, torment resistance,
unbreathing, heat vulnerability 1, no potions
a: Renounce Religion


You were on level 2 of the Dungeon.
You worshipped Trog.
Trog was aware of your devotion.
You visited 1 branch of the dungeon, and saw 2 of its levels.

You collected 75 gold pieces.

Inventory:

Hand Weapons
 a - a +0 mace (weapon)
Missiles
 c - 69 stones (quivered)
 e - 5 javelins
Armour
 b - a +0 animal skin (worn)
Jewellery
 d - a ring of protection from fire (left hand)
   (You found it on level 1 of the Dungeon)
Scrolls
 f - a scroll of amnesia {unknown}
 g - a scroll of random uselessness {unknown}


   Skills:
 + Level 3.7 Fighting
 - Level 3.4(3.5) Maces & Flails
 * Level 1.0(2.3) Staves
 - Level 1.5 Armour
 - Level 1.5 Dodging


You had 3 spell levels left.
You didn't know any spells.
Your spell library was empty.

Dungeon Overview and Level Annotations

Branches:
Dungeon (2/15)

Altars:
Makhleb

Annotations:
D:2 Crazy Yiuf


Innate Abilities, Weirdness & Mutations

You are immune to poison.
Your flesh is cold resistant. (rC+)
You are immune to negative energy. (rN+++)
You are immune to unholy pain and torment.
You can survive without breathing.
You are vulnerable to heat. (rF-)
You do not drink.


Message History

The adder closely misses you. The adder bites you.
You miss the adder.
The adder is severely wounded.
The adder closely misses you.
You hit the adder.
You kill the adder!
Trog accepts your kill.
Your base Staves skill increases to level 1!
You have reached level 4!
You see here an adder corpse.
You now have 75 gold pieces (gained 7).
Found a burning altar of Makhleb.
You see here a +0 club.
You see here a +0 club.
Partly explored, can't reach some places.
Partly explored, can't reach some places.
Partly explored, can't reach some places.
Search for what [Enter for "."]? .
Crazy Yiuf shouts!
You open the door. You hit Crazy Yiuf.
Crazy Yiuf is lightly wounded.
Crazy Yiuf hits you with a +4 quarterstaff of chaos!
Crazy Yiuf burns you. Crazy Yiuf closely misses you.
You are too injured to fight recklessly!
You are too injured to fight recklessly!
You are too injured to fight recklessly!
Your skin crawls.
You feel strong-willed.
Crazy Yiuf flaps his cloak.
Crazy Yiuf cries, "You leg down broken song, no?"
Crazy Yiuf whimpers, "Candle aubergine sing-song!"
You hit Crazy Yiuf.
Crazy Yiuf is moderately wounded.
Crazy Yiuf hits you with a +4 quarterstaff of chaos.
You completely miss Crazy Yiuf.
Crazy Yiuf is moderately wounded.
Crazy Yiuf hits you with a +4 quarterstaff of chaos!
Crazy Yiuf hits you with a +4 quarterstaff of chaos.
* * * LOW HITPOINT WARNING * * *
You are too injured to fight recklessly!
You are too injured to fight recklessly!
You feel the effects of Trog's Hand fading.
Crazy Yiuf twirls on the spot.
Crazy Yiuf cries, "Whiteboard alas disdain!"
Crazy Yiuf screams, "Island Xom childish!"
Your skin stops crawling.
You feel less strong-willed.
Your skin crawls.
You feel strong-willed.
Crazy Yiuf grits, "Rot!"
Crazy Yiuf misses you.
Crazy Yiuf cries, "Goober shoe illywillydillykilly!"
Crazy Yiuf whimpers, "You shoe sing-song!"
You hit Crazy Yiuf.
Crazy Yiuf is moderately wounded.
Crazy Yiuf hits you with a +4 quarterstaff of chaos!
You feel your power leaking away.
You feel the effects of Trog's Hand fading.
Crazy Yiuf flaps his cloak.
Crazy Yiuf yells, "Gnoll turtle verde!"
You are too injured to fight recklessly!
You barely miss Crazy Yiuf.
Crazy Yiuf is moderately wounded.
Crazy Yiuf closely misses you.
You hit Crazy Yiuf.
Crazy Yiuf is heavily wounded.
Crazy Yiuf hits you with a +4 quarterstaff of chaos!
* * * LOW HITPOINT WARNING * * *
Crazy Yiuf freezes you.
* * * LOW HITPOINT WARNING * * *
Your skin stops crawling.
You feel less strong-willed.
Your skin crawls.
You feel strong-willed.
Crazy Yiuf hits you with a +4 quarterstaff of chaos.
* * * LOW HITPOINT WARNING * * *
You feel your power leaking away.
Crazy Yiuf says, "Tosser Orb Guardian hand!"
Crazy Yiuf glowers.
You feel the effects of Trog's Hand fading.
Crazy Yiuf says, "Paint poople Hive!"
Crazy Yiuf laughs, "Hack!
Mugger pizzabubble arm."
Your skin stops crawling.
You feel less strong-willed.
Your skin crawls.
You feel strong-willed.
You can no longer call upon Trog for regeneration and willpower.
Crazy Yiuf screams, "Key down alas!"
Crazy Yiuf barely misses you.
You are too injured to fight recklessly!
You are too injured to fight recklessly!
You are too injured to fight recklessly!
You hit Crazy Yiuf.
Crazy Yiuf is severely wounded.
Crazy Yiuf hits you with a +4 quarterstaff of chaos!
* * * LOW HITPOINT WARNING * * *
Crazy Yiuf freezes you.
* * * LOW HITPOINT WARNING * * *
You hit Crazy Yiuf.
Crazy Yiuf is severely wounded.
Crazy Yiuf hits you with a +4 quarterstaff of chaos!
You die...

######## ########### ##.....#
#.....#...#
.......#########.....#...#
.........................#
.......#####...#[.......!#####
######## ###...#...........).#
#...................###
♣♣♣♣♣##.#....##.............#
♣♣♣.♣...#...#..@g...........#.#
#♣..♣......#....##.......#####.#
'.♣♣♣♣...........#........# #.#
#♣♣ ♣♣..#................# #.#
♣♣##...........#....# #.##
#...#.#.##..#....####...
#...#.#.##..##......####
##########...#....#..........#
.##.#......#.#....#..###.....#


You could see Crazy Yiuf.

Vanquished Creatures
  3 adders (D:2)
  An ooze (D:1)
  2 dart slugs
  4 leopard geckos
  4 bats (D:1)
  A giant cockroach (D:1)
  3 goblins
  3 hobgoblins (D:1)
  2 jackals (D:1)
  A quokka (D:2)
  3 frilled lizards
  4 kobolds
  4 rats
35 creatures vanquished.

Notes
Turn   | Place    | Note
-------+----------+-------------------------------------------
     0 | D:1      | EnegeticOcto the Mummy Berserker began the quest for the
                  | Orb.
     0 | D:1      | Reached XP level 1. HP: 18/18 MP: 1/1
   169 | D:1      | Reached XP level 2. HP: 24/24 MP: 2/2
   457 | D:1      | Reached skill level 3 in Maces & Flails
   892 | D:1      | Reached XP level 3. HP: 25/29 MP: 3/3
  1248 | D:2      | Reached ** piety under Trog
  1427 | D:2      | Found a runed translucent door.
  1428 | D:2      | Noticed Crazy Yiuf
  1716 | D:2      | Reached skill level 1 in Staves
  1716 | D:2      | Reached XP level 4. HP: 27/37 MP: 4/4
  1797 | D:2      | Found a burning altar of Makhleb.
  2070 | D:2      | Slain by Crazy Yiuf

Illustrated notes

Levels and vault maps discovered:
D:1:      lemuel_arrival_muddy, layout_loops_ring
D:2:      layout_basic, marbit_many_paths, uniq_crazy_yiuf_cottage

Skill      XL: |  1  2  3 |
---------------+----------+-----
Maces & Flails | 3 |  3.4
Staves         | 1 |  1.0
Fighting       | |  3.7
Armour         | |  1.5
Dodging        | |  1.5

Action                   |  1- 3 |  4- 6 || total
-------------------------+-------+-------++-------
Melee: Mace              |   109 |     8 ||   117
Throw: Stone             |    14 |       ||    14
Invok: Trog's Hand       |       |     4 ||     4
 Stab: Sleeping          |     3 |       ||     3
Armor: Animal skin       |    21 |       ||    21
Dodge: Dodged            |    98 |     4 ||   102

Table legend: (Time is in decaauts)
 A = Elapsed time spent in this place.
 B = Non-inter-level travel time spent in this place.
 C = Inter-level travel time spent in this place.
 D = Time resting spent in this place.
 E = Time spent auto-exploring this place.
 F = Levels seen in this place.
 G = Mean time per level.
                   A        B        C        D        E       F      G
               +--------+--------+--------+--------+--------+-----+--------+
         Total |   2102 |   2080 |     22 |     20 |   1692 |   2 | 1051.0 |
       Dungeon |   2102 |   2080 |     22 |     20 |   1692 |   2 | 1051.0 |
               +--------+--------+--------+--------+--------+-----+--------+

Top non-repeatable levels by time:
     D:1: 1107 daAuts
     D:2: 995 daAuts
